[Event "Team 45 45 League T51"]
[Site "Internet Chess Club"]
[Date "2011.11.20"]
[Round "2"]
[White "Just-Jim"]
[Black "danmend"]
[Result "1-0"]
[WhiteElo "1312"]
[BlackElo "1142"]
[Opening "Sicilian defense"]
[ECO "B20"]
[Time "17:00:26"]
[TimeControl "2700+45"]

1. e4 c5 2. Bc4 Nc6 3. Nf3 e6 4. O-O d5 5. exd5 exd5 6. Re1+ Be7 7. Bb5 Nf6 8.
Bxc6+ bxc6 9. Qe2 Be6 10. Ng5 Bg4 11. f3 Bf5 12. d3 h6 13. Nh3 Be6 14. Nf4 Bf5
15. g4 Bh7 16. Nc3 d4 17. a3 dxc3 18. bxc3 Nd5 19. Qe5 Nf6 20. Qxc5 Rc8 21. Qxa7
Rc7 22. Qe3 O-O 23. c4 Re8 24. Bb2 Kh8 25. Bxf6 gxf6 26. Nh5 Rg8 27. Kh1 f5 28.
Qe5+ f6 29. Qf4 Bf8 30. Rab1 Bg7 31. gxf5 Re7 32. Rg1 Qc8 33. Nxg7 Rexg7 34.
Rxg7 Kxg7 35. Rg1+ Kh8 36. Re1 Qxf5 37. Qe3 Qg6 38. Qf2 c5 39. a4 Rg7 40. a5 Ra7
41. Qxc5 Rg7 42. Qf2 Bg8 43. a6 Qe8 44. Rxe8 Kh7 45. a7 Bf7 46. a8=Q Bxe8 47.
Qxe8 Rg8 48. Qe4+ f5 49. Qxf5+ Rg6 50. Qg3 Kh8 51. Qgxg6 {Black resigns} 1-0

[Event "Team 45 45 League T51"]
[Site "Internet Chess Club"]
[Date "2011.11.20"]
[Round "2"]
[White "chesskix"]
[Black "Ostap-Bender"]
[Result "1-0"]
[WhiteElo "1469"]
[BlackElo "1407"]
[Opening "English: symmetrical, Botvinnik system reversed"]
[ECO "A36"]
[Time "16:01:36"]
[TimeControl "2700+45"]

1. c4 c5 2. Nc3 Nc6 3. g3 g6 4. Bg2 Bg7 5. e3 e5 6. Nge2 Nge7 7. O-O O-O 8. a3
a6 9. Ra2 d6 10. b3 Bd7 11. Bb2 Qc7 12. Nd5 Nxd5 13. cxd5 Ne7 14. d3 Rab8 15. f4
f5 16. e4 b5 17. Ba1 c4 18. Rc2 Qb6+ 19. Kh1 cxb3 20. Rc1 Rbc8 21. Qxb3 Rc5 22.
fxe5 Rxc1 23. Rxc1 fxe4 24. dxe4 Kh8 25. e6 Bc8 26. Bxg7+ Kxg7 27. Qc3+ Kg8 28.
Nf4 a5 29. Qc7 Qe3 30. Rf1 Re8 31. Qxd6 g5 32. Nh5 Ng6 33. Nf6+ {Black resigns}
1-0

[Event "Team 45 45 League T51"]
[Site "Internet Chess Club"]
[Date "2011.11.19"]
[Round "2"]
[White "mrmarck"]
[Black "AtomicDog"]
[Result "1-0"]
[WhiteElo "1322"]
[BlackElo "1432"]
[Opening "Queen's Indian: 4.e3"]
[ECO "E14"]
[Time "11:00:33"]
[TimeControl "2700+45"]

1. d4 Nf6 2. c4 e6 3. Nf3 b6 4. e3 Bb7 5. Be2 Be7 6. O-O O-O 7. Nc3 c5 8. b3 d6
9. Qc2 Nbd7 10. Rd1 d5 11. cxd5 exd5 12. dxc5 bxc5 13. Bb2 a6 14. Bd3 h6 15. Ne2
Qc7 16. Ng3 Rfe8 17. Re1 Bd6 18. Nf5 Be5 19. Nxe5 Nxe5 20. Be2 Qc6 21. Bf1 Re6
22. Re2 Rae8 23. Rae1 Nfg4 24. h3 Nf6 25. Ba3 Ned7 26. Rc1 Qb6 27. Bxc5 Nxc5 28.
Qxc5 Qd8 29. Qc2 Rc6 30. Qb2 Qd7 31. Nd4 Rd6 32. Rec2 Rc8 33. Rxc8+ Bxc8 34. Qc3
{Black resigns} 1-0

[Event "Team 45 45 League T51"]
[Site "Internet Chess Club"]
[Date "2011.11.18"]
[Round "2"]
[White "AlPearson"]
[Black "PT105"]
[Result "0-1"]
[WhiteElo "1258"]
[BlackElo "1378"]
[Opening "English opening"]
[ECO "A20"]
[Time "10:00:51"]
[TimeControl "2700+45"]

1. c4 e5 2. g3 Nc6 3. Bg2 Bc5 4. Nc3 Nf6 5. Nf3 d6 6. O-O Bg4 7. h3 Bh5 8. g4
Bg6 9. e3 O-O 10. d4 Bb4 11. d5 Ne7 12. Qb3 Bxc3 13. bxc3 Rb8 14. Nh4 Be4 15.
Bxe4 Nxe4 16. Qc2 Nc5 17. Nf5 g6 18. Nxe7+ Qxe7 19. e4 Nd7 20. Bh6 Rfe8 21. f4
Qh4 22. g5 exf4 23. Qf2 Qxf2+ 24. Rxf2 Rxe4 25. Kg2 Rxc4 26. Re1 Ne5 27. Kf1 Nd3
28. Re7 Nxf2 29. Kxf2 Rxc3 30. h4 Ra3 31. Rxc7 Rxa2+ 32. Kf3 b5 33. Kxf4 b4 34.
Kg4 b3 35. h5 b2 36. hxg6 hxg6 37. Rc6 b1=Q 38. Rxd6 Qe4+ 39. Kg3 Rb3# {White
checkmated} 0-1

[Event "Team 45 45 League T51"]
[Site "Internet Chess Club"]
[Date "2011.11.22"]
[Round "2"]
[White "koni"]
[Black "vael"]
[Result "0-1"]
[WhiteElo "1873"]
[BlackElo "1752"]
[Opening "QGD Slav: 4.Nc3"]
[ECO "D15"]
[Time "12:00:08"]
[TimeControl "2700+45"]

1. Nf3 d5 2. d4 Nf6 3. c4 c6 4. Nc3 a6 5. c5 Nbd7 6. Bf4 Nh5 7. e3 Nxf4 8. exf4
b6 9. cxb6 Qxb6 10. Qd2 e6 11. Rc1 c5 12. Na4 Qa7 13. f5 c4 14. fxe6 fxe6 15.
Be2 Bd6 16. O-O O-O 17. Qc2 Nf6 18. Nc3 Bd7 19. Rce1 Rae8 20. Bd1 a5 21. a3 Ng4
22. h3 Nf6 23. Qd2 Nh5 24. Ne5 Bxe5 25. Rxe5 Nf4 26. Bc2 Qb6 27. Rb1 Qd6 28. Ne2
Nxe2+ 29. Qxe2 Rf6 30. Qh5 g6 31. Qh6 Qb6 32. Qe3 Ref8 33. f3 Rf4 34. Rd1 Qxb2
35. Rd2 c3 36. Re2 Qxa3 37. Rg5 R8f6 38. Qe5 Qc1+ 39. Kh2 a4 40. Qb8+ Rf8 41.
Qa7 R4f7 42. Rg3 Bb5 43. Qa5 Bxe2 44. Qxa4 Qd2 45. Bxg6 hxg6 46. Rxg6+ Kh7 47.
Rxe6 Bxf3 {White resigns} 0-1

[Event "Team 45 45 League T51"]
[Site "Internet Chess Club"]
[Date "2011.11.19"]
[Round "2"]
[White "bshribharath"]
[Black "kabindra"]
[Result "0-1"]
[WhiteElo "1738"]
[BlackElo "1848"]
[Opening "Evans gambit: compromised defense"]
[ECO "C52"]
[Time "10:15:00"]
[TimeControl "2700+45"]

1. e4 e5 2. Nf3 Nc6 3. Bc4 Bc5 4. b4 Bxb4 5. c3 Ba5 6. d4 exd4 7. O-O dxc3 8.
Qb3 Qf6 9. Ng5 Ne5 10. f4 Nxc4 11. Qxc4 h6 12. Ba3 hxg5 13. fxg5 Bb6+ 14. Kh1
Qg6 15. Nxc3 Qh5 16. h3 d6 17. Nd5 Bxh3 18. Nxb6 Be6+ 19. Kg1 Qh2+ 20. Kf2 Bxc4
21. Nxa8 Qf4+ 22. Kg1 Qe3+ 23. Rf2 Qxa3 24. Nxc7+ Kd8 25. Ne6+ Bxe6 26. Raf1 Qe3
27. g6 Bc4 28. gxf7 Bxf7 29. e5 Bc4 30. exd6 Bxf1 31. d7 Rh1+ 32. Kxh1 Qxf2 33.
a3 Qxg2# {White checkmated} 0-1

[Event "Team 45 45 League T51"]
[Site "Internet Chess Club"]
[Date "2011.11.16"]
[Round "2"]
[White "Portola"]
[Black "FlyingTiger"]
[Result "1/2-1/2"]
[WhiteElo "1785"]
[BlackElo "1793"]
[Opening "King's Indian: London system"]
[ECO "A48"]
[Time "20:00:33"]
[TimeControl "2700+45"]

1. d4 Nf6 2. Nf3 g6 3. Bf4 Bg7 4. h3 O-O 5. e3 d6 6. Bc4 c5 7. c3 Qb6 8. Qc1 Bf5
9. Nbd2 Nbd7 10. O-O Rfc8 11. g4 Be4 12. Nxe4 Nxe4 13. Bd3 Qc6 14. Ng5 Ndf6 15.
f3 Nxg5 16. Bxg5 b5 17. Qe1 d5 18. Kg2 a6 19. Bxf6 Qxf6 20. f4 e6 21. g5 Qe7 22.
Qf2 b4 23. Rfc1 bxc3 24. bxc3 cxd4 25. cxd4 Qa3 26. Rxc8+ Rxc8 27. Rd1 Rb8 28.
Rd2 Bf8 29. Qe2 a5 30. Kh2 Bd6 31. Kg2 Qb4 32. h4 Rc8 33. Rb2 Qa3 34. Rb3 Qc1
35. Rb1 Qc7 36. Rb2 a4 37. Rc2 Qb8 38. Rb2 Qc7 39. Rc2 Qd8 40. Rb2 a3 41. Rb3
Qc7 42. h5 Qc1 43. Rb1 Qc3 44. Rb3 Qc7 45. h6 Rb8 46. Qd1 Rc8 47. Qe2 {Game
drawn by mutual agreement} 1/2-1/2

[Event "Team 45 45 League T51"]
[Site "Internet Chess Club"]
[Date "2011.11.20"]
[Round "2"]
[White "tsia68"]
[Black "Stryker672"]
[Result "0-1"]
[WhiteElo "1823"]
[BlackElo "1973"]
[Opening "English: Neo-Catalan"]
[ECO "A13"]
[Time "00:04:48"]
[TimeControl "2700+45"]

1. Nf3 Nf6 2. c4 e6 3. g3 d5 4. Bg2 Bd6 5. O-O O-O 6. cxd5 exd5 7. Qb3 c6 8. Nc3
Qb6 9. Qxb6 axb6 10. d3 Bf5 11. Nd4 Bg6 12. e4 Be5 13. Nde2 dxe4 14. dxe4 Re8
15. Re1 Bd6 16. Nf4 Na6 17. Nxg6 hxg6 18. a3 Nc5 19. Bg5 Be5 20. f3 Nd3 21. Re2
Nxb2 22. Rc2 Na4 23. Bd2 Red8 24. Be1 Rd3 25. Rac1 Nxc3 26. Bxc3 Bxc3 27. Rxc3
Rxa3 28. R3c2 b5 29. f4 b4 30. Rb1 b3 31. Rcb2 Ng4 32. Bf1 Rc3 33. Be2 Ne3 34.
Kf2 Nc2 35. Bd1 Nd4 36. Ke1 b5 37. Kd2 b4 38. Ke1 Ra2 39. Kd2 c5 40. Ke1 c4 41.
Kd2 Nb5 42. Ke1 Na3 43. Bxb3 Rxb2 44. Rxb2 Rxb3 {White resigns} 0-1

[Event "Team 45 45 League T51"]
[Site "Internet Chess Club"]
[Date "2011.11.17"]
[Round "2"]
[White "CzwartyWymiar"]
[Black "Ayensa80"]
[Result "1-0"]
[WhiteElo "1787"]
[BlackElo "1745"]
[Opening "KGA: bishop's gambit, Jaenisch variation"]
[ECO "C33"]
[Time "14:30:15"]
[TimeControl "2700+45"]

1. e4 e5 2. f4 exf4 3. Bc4 Nf6 4. Nc3 c6 5. Bb3 d5 6. exd5 cxd5 7. d4 g5 8. h4
Bh6 9. hxg5 Bxg5 10. Nf3 Bg4 11. Qe2+ Kf8 12. Qe5 Bxf3 13. gxf3 Qe7 14. Qxe7+
Kxe7 15. Bxd5 Nc6 16. Bxc6 bxc6 17. Ne2 Nd5 18. Kf2 h6 19. Re1 Kd6 20. Kf1 Rae8
21. c4 Ne3+ 22. Bxe3 fxe3 23. Nc3 f5 24. Ke2 Bh4 25. Rh1 Bf2 26. Rh5 Ke6 27.
Rah1 Reg8 28. Rxh6+ Rxh6 29. Rxh6+ Kd7 30. Nd1 f4 31. Rh7+ Kd6 32. Rh2 Bg1 33.
Rh6+ Kc7 34. Kf1 Re8 35. Nc3 Bf2 36. Rf6 Bg3 37. Ne2 Re7 38. Nxf4 {Black
resigns} 1-0

[Event "Team 45 45 League T51"]
[Site "Internet Chess Club"]
[Date "2011.11.21"]
[Round "2"]
[White "barbak"]
[Black "rahulr"]
[Result "1-0"]
[WhiteElo "1825"]
[BlackElo "1634"]
[Opening "Alekhine's defense: exchange variation"]
[ECO "B02"]
[Time "15:00:16"]
[TimeControl "2700+45"]

1. e4 Nf6 2. e5 Nd5 3. c4 Nb6 4. d4 d6 5. exd6 exd6 6. Bd3 Nc6 7. Ne2 Nb4 8. Be4
Qe7 9. Nbc3 g6 10. O-O Bg7 11. Re1 O-O 12. b3 Re8 13. Bf4 f5 14. Bf3 g5 15. Bd2
Nd3 16. Bxg5 Nxf2 17. Qd2 Bf6 18. Bxf6 Qxf6 19. Kxf2 Qh4+ 20. Kg1 f4 21. Qxf4
Qxf4 22. Nxf4 Rxe1+ 23. Rxe1 {Black resigns} 1-0

[Event "Team 45 45 League T51"]
[Site "Internet Chess Club"]
[Date "2011.11.19"]
[Round "2"]
[White "Signalman"]
[Black "Duguesclin"]
[Result "1-0"]
[WhiteElo "1534"]
[BlackElo "1572"]
[Opening "French: Réti (Spielmann) variation"]
[ECO "C00"]
[Time "10:01:55"]
[TimeControl "2700+45"]

1. e4 e6 2. b3 Nf6 3. Bd3 e5 4. Bb2 Nc6 5. Nf3 d6 6. Nc3 Bg4 7. Bc4 Be7 8. h3
Bh5 9. Nd5 Nxe4 10. g4 Bg6 11. h4 h6 12. Qe2 Qd7 13. O-O-O O-O-O 14. d4 exd4 15.
Nxd4 Ne5 16. Nf5 Bxf5 17. gxf5 Nxc4 18. Qxe4 Nxb2 19. Nxe7+ Kb8 20. Kxb2 Rhe8
21. Rhe1 d5 22. Qxd5 Qxd5 23. Nxd5 c6 24. Rxe8 Rxe8 25. Ne3 Kc7 26. Rg1 Rg8 27.
f6 g6 28. h5 Kd6 29. Nf5+ Ke6 30. Nxh6 Rf8 31. hxg6 fxg6 32. f7 Kf6 33. Re1 g5
34. Re8 Kg7 35. Rxf8 Kxf8 36. Kc3 a5 37. Kd4 b6 38. Ke5 c5 39. Kf6 g4 40. Nxg4
b5 41. Ne5 a4 42. Nd7# {Black checkmated} 1-0

[Event "Team 45 45 League T51"]
[Site "Internet Chess Club"]
[Date "2011.11.22"]
[Round "2"]
[White "DarkFlow"]
[Black "Tamarin"]
[Result "0-1"]
[WhiteElo "1847"]
[BlackElo "1807"]
[Opening "KGD: classical variation"]
[ECO "C30"]
[Time "04:00:16"]
[TimeControl "2700+45"]

1. e4 e5 2. f4 Bc5 3. Nf3 d6 4. Nc3 Nf6 5. Bc4 Nc6 6. d3 O-O 7. Na4 Bb6 8. Nxb6
axb6 9. O-O Qe7 10. a3 Be6 11. Bxe6 fxe6 12. fxe5 dxe5 13. Bg5 Qc5+ 14. Kh1 Ng4
15. Qe2 Rf7 16. h3 Nf6 17. c3 Ne7 18. Be3 Qd6 19. Ng5 Rff8 20. Rf2 h6 21. Nf3
Rad8 22. Ne1 Rf7 23. Rd1 Nxe4 24. Rf3 Nf5 25. Bf2 Ng5 26. Bh4 Nxh4 27. Rxf7 Nxf7
28. Qh5 Nf5 {White resigns} 0-1

[Event "Team 45 45 League T51"]
[Site "Internet Chess Club"]
[Date "2011.11.21"]
[Round "2"]
[White "Schack"]
[Black "acejackace"]
[Result "0-1"]
[WhiteElo "1657"]
[BlackElo "1622"]
[Opening "French: Tarrasch, closed variation"]
[ECO "C05"]
[Time "20:00:55"]
[TimeControl "2700+45"]

1. e4 e6 2. d4 d5 3. Nd2 Nf6 4. e5 Nfd7 5. c3 c5 6. Bd3 Nc6 7. Ndf3 cxd4 8. cxd4
Qb6 9. Ne2 Bb4+ 10. Bd2 Be7 11. Bc3 f6 12. exf6 Nxf6 13. Nf4 O-O 14. Ng5 Ne4 15.
Bxe4 Bxg5 16. Bxh7+ Kxh7 17. Qh5+ Bh6 {White resigns} 0-1

[Event "Team 45 45 League T51"]
[Site "Internet Chess Club"]
[Date "2011.11.21"]
[Round "2"]
[White "mongmong"]
[Black "clarinetref"]
[Result "1-0"]
[WhiteElo "1592"]
[BlackElo "1612"]
[Opening "King's Indian: orthodox, Aronin-Taimanov, bayonet attack"]
[ECO "E97"]
[Time "20:09:42"]
[TimeControl "2700+45"]

1. d4 Nf6 2. Nf3 g6 3. c4 Bg7 4. Nc3 d6 5. e4 O-O 6. Be2 e5 7. O-O Nc6 8. d5 Ne7
9. b4 Nh5 10. Re1 f5 11. Ng5 Nf6 12. Bf3 h6 13. Ne6 Bxe6 14. dxe6 c6 15. Bb2 Qc7
16. Qb3 Rae8 17. Rad1 fxe4 18. Nxe4 Nxe4 19. Bxe4 Rf6 20. b5 Rxe6 21. bxc6 bxc6
22. Ba3 c5 23. Qa4 Rf8 24. Rb1 a5 25. Rb7 Qd8 26. Rd1 Ref6 27. f3 Kh8 28. Bxc5
Nf5 29. Bb6 Qc8 30. Rc7 Qa6 31. Rc6 Rb8 32. Bc7 Qa7+ 33. Kh1 Rb2 34. c5 Ne3 35.
Rg1 d5 36. Rxf6 Bxf6 37. Qe8+ Kg7 38. Qxg6+ Kf8 39. Qxf6+ Kg8 40. Qg6+ Kf8 41.
Bd6+ Qe7 42. Bxe7+ Kxe7 43. Qg7+ Kd8 44. Qf8+ Kc7 45. Qd6+ Kc8 46. Bxd5 Nxd5 47.
Qxd5 {Black resigns} 1-0

[Event "Team 45 45 League T51"]
[Site "Internet Chess Club"]
[Date "2011.11.19"]
[Round "2"]
[White "eurander"]
[Black "Philly-Boy"]
[Result "1-0"]
[WhiteElo "2185"]
[BlackElo "1902"]
[Opening "Scandinavian (center counter) defense"]
[ECO "B01"]
[Time "18:08:43"]
[TimeControl "2700+45"]

1. e4 d5 2. exd5 b6 3. Nf3 Qxd5 4. Nc3 Qe6+ 5. Be2 Bb7 6. O-O g6 7. d4 Nf6 8.
Bf4 c6 9. Re1 Qc8 10. Bc4 Nd5 11. Bxd5 cxd5 12. Nb5 e6 13. Nc7+ Ke7 14. Be5 Rg8
15. Qd2 Na6 16. Qg5+ Kd7 17. Nxa8 Bxa8 18. Bg3 h6 19. Qf6 {Black resigns} 1-0

[Event "Team 45 45 League T51"]
[Site "Internet Chess Club"]
[Date "2011.11.17"]
[Round "2"]
[White "Warpdrive"]
[Black "timothysmall56"]
[Result "1/2-1/2"]
[WhiteElo "1604"]
[BlackElo "1586"]
[Opening "Sicilian: Najdorf, Opocensky variation"]
[ECO "B92"]
[Time "21:00:09"]
[TimeControl "2700+45"]

1. e4 c5 2. Nf3 d6 3. d4 cxd4 4. Nxd4 Nf6 5. Nc3 a6 6. Be2 e5 7. Nb3 Be7 8. O-O
Be6 9. Bg5 Nbd7 10. Qd3 b5 11. Nd5 Nxd5 12. exd5 Bxg5 13. dxe6 fxe6 14. Qxd6 Qe7
15. Qxe7+ Kxe7 16. Bf3 Rac8 17. c3 Nc5 18. Nxc5 Rxc5 19. Rad1 Rc7 20. Rd3 a5 21.
Rfd1 Rhc8 22. Bg4 b4 23. cxb4 axb4 24. a3 bxa3 25. bxa3 Rc1 26. Kf1 Rxd1+ 27.
Bxd1 Rd8 28. Ke2 Rxd3 29. Kxd3 Kd6 30. Ke4 Bd2 31. Kd3 Ba5 32. Kc4 g5 33. Kb5
Bc3 34. a4 e4 35. a5 Be1 36. Kb6 Bxf2+ 37. Kb7 Bd4 38. a6 e3 39. a7 Bxa7 40.
Kxa7 Kd5 41. Kb6 Kc4 42. Kc6 Kd3 43. Kd6 e2 44. Bxe2+ Kxe2 45. Kxe6 Kf2 46. Kf5
{Game drawn by mutual agreement} 1/2-1/2

[Event "Team 45 45 League T51"]
[Site "Internet Chess Club"]
[Date "2011.11.18"]
[Round "2"]
[White "Dracoac"]
[Black "milesotoole"]
[Result "1-0"]
[WhiteElo "1658"]
[BlackElo "1544"]
[Opening "Dutch"]
[ECO "A80"]
[Time "21:08:32"]
[TimeControl "2700+45"]

1. d4 f5 2. Nf3 Nf6 3. c4 g6 4. Nc3 Bg7 5. Bg5 O-O 6. e3 d6 7. Be2 Nbd7 8. O-O
e5 9. dxe5 dxe5 10. Qc2 f4 11. exf4 exf4 12. Bxf4 Nh5 13. Bg5 Qe8 14. Rfe1 Qf7
15. Bd3 Nc5 16. Re7 {Black resigns} 1-0

[Event "Team 45 45 League T51"]
[Site "Internet Chess Club"]
[Date "2011.11.20"]
[Round "2"]
[White "Nakke"]
[Black "fledermaus"]
[Result "1-0"]
[WhiteElo "1890"]
[BlackElo "1869"]
[Opening "Queen's pawn: Torre attack"]
[ECO "A46"]
[Time "08:20:39"]
[TimeControl "2700+45"]

1. d4 Nf6 2. Nf3 e6 3. Bg5 Be7 4. Nbd2 d5 5. c3 b6 6. e3 O-O 7. Bd3 Ba6 8. Bxa6
Nxa6 9. Qa4 Nb8 10. Ne5 Qe8 11. Qxe8 Rxe8 12. Bxf6 Bxf6 13. Ndf3 Be7 14. O-O f6
15. Nd3 Nd7 16. Nf4 Kf7 17. a4 c6 18. a5 e5 19. Ne2 Bd6 20. Nd2 c5 21. Nf3 e4
22. Nd2 c4 23. b3 b5 24. bxc4 bxc4 25. Rfb1 Rab8 26. a6 Rxb1+ 27. Rxb1 Rb8 28.
Nf4 Rxb1+ 29. Nxb1 Nb6 30. h4 g5 31. hxg5 fxg5 32. Ne2 Na8 33. f3 exf3 34. gxf3
Nc7 35. e4 dxe4 36. fxe4 Nxa6 37. Nd2 Be7 38. Nxc4 Nc7 39. Kg2 Nb5 40. Kf3 h5
41. e5 Ke6 42. Ke4 Nc7 43. Ne3 a5 44. d5+ Kd7 45. Nc4 a4 46. Nb6+ Kd8 47. Nxa4
Ba3 48. Nd4 g4 49. d6 Na6 50. Nf5 Nb8 51. Kd5 Nd7 52. e6 g3 53. e7+ Ke8 54. Ng7+
{Black resigns} 1-0

[Event "Team 45 45 League T51"]
[Site "Internet Chess Club"]
[Date "2011.11.19"]
[Round "2"]
[White "gerailen0075"]
[Black "zap2"]
[Result "0-1"]
[WhiteElo "1851"]
[BlackElo "1814"]
[Opening "Caro-Kann: Steinitz variation"]
[ECO "B17"]
[Time "04:29:43"]
[TimeControl "2700+45"]

1. e4 c6 2. d4 d5 3. Nc3 dxe4 4. Nxe4 Nd7 5. Bc4 Ngf6 6. Ng5 e6 7. Qe2 Nb6 8.
Bb3 h6 9. N5f3 c5 10. Bf4 Nbd5 11. Be5 Qa5+ 12. Nd2 b5 13. c4 bxc4 14. Bxc4 Nb6
15. Bc7 cxd4 16. Nf3 Bb4 17. O-O O-O 18. Ne4 Nfd5 19. Bg3 Nxc4 {White resigns}
0-1

[Event "Team 45 45 League T51"]
[Site "Internet Chess Club"]
[Date "2011.11.22"]
[Round "2"]
[White "gandre"]
[Black "vvsi"]
[Result "1/2-1/2"]
[WhiteElo "1747"]
[BlackElo "1630"]
[Opening "Queen's pawn"]
[ECO "A40"]
[Time "17:57:39"]
[TimeControl "2700+45"]

1. d4 e6 2. Bf4 c5 3. e3 Qb6 4. b3 Nc6 5. c3 Nf6 6. Bd3 cxd4 7. exd4 Nd5 8. Bg3
Nxd4 9. cxd4 Qxd4 10. Nd2 Qxd3 11. Ngf3 Bb4 12. a3 Bxd2+ 13. Nxd2 Nc3 14. Qf3
Qxf3 15. Nxf3 O-O 16. Bd6 Re8 17. Ne5 Ne4 18. Rd1 b6 19. f3 Nxd6 20. Rxd6 f6 21.
Nc4 Ba6 22. Rxd7 Bxc4 23. bxc4 Red8 24. Re7 e5 25. Ke2 Kf8 26. Rb7 Rd4 27. Rc1
Rc8 28. Rxa7 Rdxc4 29. Rxc4 Rxc4 30. Rb7 Ra4 31. Rxb6 Rxa3 32. Rb7 h5 33. h3
Ra2+ 34. Kf1 Kg8 35. Kg1 Kh7 36. Kf1 Kg6 37. h4 Ra4 38. g3 Ra2 39. Rc7 Rd2 40.
Rb7 Kh6 41. Rc7 g5 42. hxg5+ Kxg5 43. Rg7+ Kh6 44. Rf7 Kg6 45. Rf8 Kg7 46. Rb8
Kg6 47. Rg8+ Kf7 48. Rh8 Kg6 49. Rg8+ Kf7 {Game drawn by mutual agreement}
1/2-1/2

[Event "Team 45 45 League T51"]
[Site "Internet Chess Club"]
[Date "2011.11.21"]
[Round "2"]
[White "RizwanGill"]
[Black "ScotchYeti"]
[Result "0-1"]
[WhiteElo "1642"]
[BlackElo "1683"]
[Opening "Sicilian: Kan, 5.Nc3"]
[ECO "B43"]
[Time "13:03:48"]
[TimeControl "2700+45"]

1. e4 c5 2. Nf3 e6 3. d4 cxd4 4. Nxd4 a6 5. Nc3 Qc7 6. Be2 b5 7. Bf3 Bb7 8. O-O
Nc6 9. Nxc6 dxc6 10. Qd4 Rd8 11. Qa7 Bd6 12. h3 Ne7 13. Be3 Nc8 14. Qd4 Bh2+ 15.
Kh1 Rxd4 16. Bxd4 Be5 17. Be3 O-O 18. Rad1 h6 19. Bg4 c5 20. f4 Bxc3 21. bxc3
Bxe4 22. f5 exf5 23. Bxf5 Bxf5 24. Rxf5 c4 25. Rdf1 Qd7 26. Bd4 Ne7 27. Re5 Nc6
28. Re4 Nxd4 29. cxd4 Re8 30. Rfe1 Rxe4 31. Rxe4 f5 32. Rh4 Qe7 33. Rf4 Qe6 34.
g4 fxg4 35. Rxg4 Qe1+ 36. Kh2 Qd2+ {White resigns} 0-1

[Event "Team 45 45 League T51"]
[Site "Internet Chess Club"]
[Date "2011.11.21"]
[Round "2"]
[White "McKnights"]
[Black "imawesome"]
[Result "1-0"]
[WhiteElo "1898"]
[BlackElo "1832"]
[Opening "Sicilian: accelerated fianchetto, modern variation"]
[ECO "B34"]
[Time "21:00:11"]
[TimeControl "2700+45"]

1. e4 c5 2. Nc3 g6 3. Nf3 Nc6 4. d4 cxd4 5. Nxd4 Bg7 6. Be3 Nf6 7. Bb5 O-O 8.
O-O Qc7 9. Nde2 Ng4 10. Bf4 d6 11. Nd5 Qd8 12. c3 Nge5 13. h3 a6 14. Ba4 b5 15.
Bc2 Nc4 16. b3 Nb6 17. Be3 Nxd5 18. exd5 Ne5 19. Bd4 Bb7 20. Ng3 Bxd5 21. f4 Qc7
22. fxe5 dxe5 23. Bf2 Qc6 24. Re1 f5 25. Qd2 {Black disconnected and forfeits}
1-0

[Event "Team 45 45 League T51"]
[Site "Internet Chess Club"]
[Date "2011.11.21"]
[Round "2"]
[White "ryan2chess"]
[Black "j65536d"]
[Result "1-0"]
[WhiteElo "1946"]
[BlackElo "1771"]
[Opening "Sicilian: dragon, Yugoslav attack, Rauser variation"]
[ECO "B76"]
[Time "20:00:10"]
[TimeControl "2700+45"]

1. e4 c5 2. Nf3 d6 3. d4 cxd4 4. Nxd4 Nf6 5. Nc3 g6 6. Be3 Bg7 7. f3 O-O 8. Qd2
Nc6 9. O-O-O Nxd4 10. Bxd4 Be6 11. Kb1 a6 12. g4 b5 13. h4 h5 14. Bxf6 Bxf6 15.
gxh5 Kh7 16. hxg6+ fxg6 17. Nd5 Be5 18. h5 Rg8 19. f4 Bxd5 20. Qxd5 Bf6 21. e5
dxe5 22. hxg6+ Kxg6 23. Bd3+ Kg7 24. Rdg1+ Kf8 25. Rxg8# {Black checkmated} 1-0

[Event "Team 45 45 League T51"]
[Site "Internet Chess Club"]
[Date "2011.11.20"]
[Round "2"]
[White "anna"]
[Black "BraafPaard"]
[Result "1-0"]
[WhiteElo "1641"]
[BlackElo "1581"]
[Opening "Sicilian: Alapin's variation (2.c3)"]
[ECO "B22"]
[Time "19:00:21"]
[TimeControl "2700+45"]

1. e4 c5 2. c3 Nf6 3. e5 Nd5 4. d4 cxd4 5. Qxd4 e6 6. Nf3 Nc6 7. Qe4 f5 8. Qe2
d6 9. exd6 Bxd6 10. g3 O-O 11. Bg2 Qc7 12. O-O Bd7 13. Nbd2 Nb6 14. Nb3 e5 15.
c4 Na4 16. c5 Nxc5 17. Nxc5 Bxc5 18. Qc4+ {Black resigns} 1-0

[Event "Team 45 45 League T51"]
[Site "Internet Chess Club"]
[Date "2011.11.18"]
[Round "2"]
[White "Deckfuel"]
[Black "SaltofLife"]
[Result "1/2-1/2"]
[WhiteElo "1994"]
[BlackElo "1932"]
[Opening "Sicilian: O'Kelly variation"]
[ECO "B28"]
[Time "04:00:50"]
[TimeControl "2700+45"]

1. e4 c5 2. Nf3 a6 3. c4 e6 4. Nc3 Qc7 5. g3 Nf6 6. Bg2 e5 7. O-O Be7 8. d3 d6
9. Ne1 Nc6 10. f4 Nd4 11. f5 b5 12. b3 Bb7 13. Nc2 Kd7 14. Nxd4 cxd4 15. Nd5
Bxd5 16. cxd5 Rac8 17. Rf2 Qb8 18. g4 h6 19. Bb2 Nh7 20. Rc1 Rxc1 21. Qxc1 Rc8
22. Rc2 Bg5 23. Rxc8 Qxc8 24. Qxc8+ Kxc8 25. Ba3 Kc7 26. Bb4 Bd8 27. Kf2 Nf6 28.
Kg3 Ne8 29. a4 bxa4 30. bxa4 Kd7 31. Bf3 Nf6 32. Bd1 Ke7 33. Bb3 Nd7 34. h4 Bb6
35. Bc4 a5 36. Bd2 Nc5 37. Bb5 Nb3 38. Be1 Kf6 39. Kf3 g6 40. h5 gxh5 41. Bh4+
Kg7 42. gxh5 Nd2+ 43. Ke2 Nb1 44. Bc6 Na3 45. Be7 Bc5 46. f6+ Kg8 47. Bd8 Bb4
48. Bb5 Nc2 49. Bd7 Ne3 50. Kf3 Nf1 51. Kg2 Ne3+ 52. Kf3 Nd1 53. Bc7 Nc3 54. Bd8
Na2 55. Bc7 Nc1 56. Bb5 Nb3 57. Ke2 Nc1+ 58. Kf3 Na2 59. Bd7 Nc3 60. Bd8 Nd1 61.
Bc7 Kf8 62. Bd8 Ne3 63. Be7+ Kg8 64. Bd8 Be1 65. Bc7 Bb4 {Game drawn by mutual
agreement} 1/2-1/2

[Event "Team 45 45 League T51"]
[Site "Internet Chess Club"]
[Date "2011.11.20"]
[Round "2"]
[White "chessateer"]
[Black "Goli"]
[Result "0-1"]
[WhiteElo "1800"]
[BlackElo "1855"]
[Opening "Robatsch (modern) defense"]
[ECO "B06"]
[Time "12:00:28"]
[TimeControl "2700+45"]

1. e4 g6 2. d4 Bg7 3. Nf3 c5 4. c3 cxd4 5. cxd4 d6 6. Nc3 Nf6 7. Bc4 O-O 8. O-O
Bg4 9. Qd3 Nc6 10. a3 Bxf3 11. gxf3 Qb6 12. Be3 Nd7 13. Rfd1 Qa5 14. Nd5 e6 15.
b4 Qd8 16. Nf4 e5 17. Ne2 exd4 18. Nxd4 Nxd4 19. Bxd4 Ne5 20. Qe2 Qh4 21. Rac1
Rac8 22. f4 Qxf4 23. Be3 Nf3+ 24. Kf1 Qg4 25. Qa2 Nxh2+ 26. Ke1 Nf3+ 27. Kf1 a6
28. Bxf7+ Rxf7 29. Rxc8+ Qxc8 30. Rxd6 Ne5 {White resigns} 0-1

[Event "Team 45 45 League T51"]
[Site "Internet Chess Club"]
[Date "2011.11.26"]
[Round "2"]
[White "randallsr"]
[Black "ddlj81"]
[Result "0-1"]
[WhiteElo "1682"]
[BlackElo "1820"]
[Opening "Réti: Nimzovich-Larsen attack"]
[ECO "A06"]
[Time "14:16:24"]
[TimeControl "2700+45"]

1. Nf3 d5 2. b3 c5 3. Bb2 Nc6 4. g3 Bf5 5. Bg2 e6 6. d3 Nf6 7. O-O Be7 8. Na3
O-O 9. c4 d4 10. Nc2 Rc8 11. Nh4 Bg4 12. h3 Bh5 13. Nf3 Re8 14. Rb1 Qd7 15. e4
dxe3 16. fxe3 Red8 17. Nce1 Qc7 18. Bxf6 Bxf6 19. g4 Bg6 20. Qe2 Rd7 21. Nd2 Bc3
22. Rc1 Bxd2 23. Qxd2 Rcd8 24. Bxc6 bxc6 25. Qf2 Bxd3 26. Nxd3 Rxd3 27. e4 Rd2
28. Qf4 Qxf4 29. Rxf4 Rxa2 30. Rcf1 Rdd2 31. R1f2 Rxf2 32. Rxf2 Rxf2 33. Kxf2 g5
34. Kg3 Kg7 35. h4 gxh4+ 36. Kxh4 Kg6 37. Kg3 Kg5 38. Kf3 e5 39. Kg3 f6 40. Kf3
Kh4 {White resigns} 0-1